Cogmind - Beta 15 @@@ ROGUE MODE // 2025.05.17 @ 09:52:49 Player: Demo Result: Destroyed by CP-VRC(R) with Subdweller Laser Performance ------------- Evolutions (0) 0 Regions Visited (3) 600 Robots Destroyed (36) 180 Value Destroyed (895) 895 Prototype IDs (16) 320 Alien Tech Used (0) 0 Bonus (19) 19 TOTAL SCORE: 2014 Bonus ------- Follower Combat Kills 51 Friendly Fire -32 Cogmind --------- Core Integrity 0/250 Matter 253/300 Energy 10/100 System Corruption 0% Temperature Cool (6) Movement Rolling (120) Ox1 Location -10/Subcaves Parts ------- > --- POWER (1) -------- Subdweller Power Source > --- PROPULSION (2) --- Subdweller Monowheel Subdweller Monowheel > --- UTILITY (2) ------ Large Storage Unit Core Shielding > --- WEAPON (2) ------- Subdweller Beam Cannon Subdweller Beam Cannon > --- INVENTORY (15) --- Wheel Wheel Wheel Large Matter Pod (150) Scrap Shield Scrap Shield Thief Drone Bay (3/3) Power Bank Multitool Multitool Makeshift Hammer Peak State ------------ > --- POWER ------------ Subdweller Power Source > --- PROPULSION ------- Subdweller Monowheel Subdweller Monowheel > --- UTILITY ---------- Large Storage Unit Core Shielding > --- WEAPON ----------- Heavy Assault Rifle Makeshift Hammer > --- INVENTORY -------- Wheel Wheel Large Storage Unit Large Matter Pod Subdweller Optics Seismic Detector Scrap Shield Scrap Shield Thief Drone Bay Subdweller Beam Cannon Subdweller Beam Cannon Battle Cannon Multitool [Rating: 17] Favorites ----------- Power Light Ion Engine Engine Light Ion Engine Power Core Light Nuclear Core Propulsion Wheel Treads Light Treads Wheel Wheel Utility Large Storage Unit Device Seismic Detector Storage Large Storage Unit Protection Hardened Light Armor Plating Weapon Medium Laser Energy Gun Medium Laser Energy Cannon Beam Cannon Ballistic Gun Assault Rifle Ballistic Cannon Battle Cannon Impact Weapon Makeshift Hammer Build | -11 -10 -10 -10 ------- Run | Yrd Mat Min Sub Slots Evolved . | . . . . Power . | . . . . Propulsion . | . . . . Utility . | . . . . Weapon . | . . . . Parts Attached 49 | 7 12 2 28 Power 7 | 1 3 . 3 Engine 5 | 1 2 . 2 Core 2 | . 1 . 1 Reactor . | . . . . Propulsion 15 | 2 2 . 11 Treads 2 | 1 . . 1 Leg . | . . . . Wheel 13 | 1 2 . 10 Hover . | . . . . Flight . | . . . . Utility 12 | 2 4 2 4 Device 3 | 1 . 1 1 Storage 4 | 1 2 . 1 Processor . | . . . . Hackware . | . . . . Protection 5 | . 2 1 2 Artifact . | . . . . Weapon 15 | 2 3 . 10 Energy Gun 5 | 2 1 . 2 Energy Cannon 3 | . 1 . 2 Ballistic Gun 5 | . 1 . 4 Ballistic Cannon 1 | . . . 1 Launcher . | . . . . Special Weapon . | . . . . Impact Weapon 1 | . . . 1 Slashing Weapon . | . . . . Piercing Weapon . | . . . . Special Melee Weapon . | . . . . Unidentified Prototypes 1 | . . 1 . Parts Lost 16 | . 1 . 15 Power 1 | . . . 1 Propulsion 7 | . . . 7 Utility 2 | . . . 2 Weapon 6 | . 1 . 5 Highest Loss Streak 5 | . 1 . 5 To Critical Strikes . | . . . . Average Backups 12 | 2 10 15 13 Power . | . . 1 . Propulsion 3 | 1 4 4 2 Utility 6 | . 4 8 7 Weapon 1 | . . 1 1 Tool/Special . | . . . . Unused Backups 18 | 1 4 1 12 Power . | . . . . Propulsion 5 | 1 2 1 1 Utility 8 | . 1 . 7 Weapon 3 | . 1 . 2 Tool/Special 2 | . . . 2 Average Slot Usage (%) 98 | . 96 100 98 Engine 9 | . 2 14 12 Core 3 | . 8 . 1 Treads 9 | . 13 14 3 Wheel 18 | . 14 14 23 Device 1 | . 3 . . Storage 14 | . 14 14 14 Protection 12 | . 10 13 13 Energy Gun 12 | . 17 14 8 Energy Cannon 3 | . 9 . . Ballistic Gun 9 | . 1 14 14 Ballistic Cannon 2 | . . . 4 Peak Build Rating 17 | 7 10 14 17 Average Rating 10 | 5 8 9 13 On Entrance 6 | . 7 9 10 Naked Turns . | . . . . Heaviest Build 33 | 13 33 32 32 Greatest Support 40 | 10 20 10 40 Greatest Overweight (x) 3 | 1 3 3 3 Average Overweight (x) 1 | . 1 3 . Largest Inventory Capacity 15 | 8 15 15 15 Average Capacity 13 | 7 10 15 15 Most Carried 15 | 6 15 15 15 Average Carried 12 | 2 10 14 14 Final Capacity 15 | 8 15 15 15 Final Carried 15 | 5 15 15 13 Class Distribution -------------------- 86% | Mutant 13% | Scavenger-Mutant Dominant Class ---------------- Mutant | -10/Materials Mutant | -10/Mines Mutant | -10/Subcaves Resources | -11 -10 -10 -10 ----------- Run | Yrd Mat Min Sub Matter Collected 1185 | 270 255 65 595 Remotely . | . . . . Salvage Created 1268 | 168 385 . 715 Parts 93 | 16 25 . 52 Haulers Intercepted . | . . . . Recyclers Shooed . | . . . . Parts Field Recycled . | . . . . Retrieved Matter . | . . . . Parts Self-Destructed 14 | . . . 14 Prevented 3 | . . . 3 Kills | -11 -10 -10 -10 ------- Run | Yrd Mat Min Sub Combat Hostiles Destroyed 22 | . 5 . 17 Guns 16 | . 2 . 14 Cannons 5 | . 2 . 3 Classes Destroyed 12 | 2 5 . 5 Worker 4 | . 4 . . Builder 2 | . 2 . . Tunneler 5 | 5 . . . Recycler 1 | 1 . . . Operator 1 | . 1 . . Watcher 1 | . 1 . . Swarmer 3 | . . . 3 Grunt 6 | . 5 . 1 Sentry 1 | . . . 1 Artisan 1 | . . . 1 Cobbler 1 | . . . 1 Subdweller 12 | . . . 12 Best Kill Streak 6 | 6 6 . 4 Combat Bots Only 4 | . 2 . 4 Max Kills in Single Turn 1 | 1 1 . 1 Gunslinging . | . . . . Exploded . | . . . . Melee . | . . . . Uniques/NPCs Destroyed . | . . . . Combat | -11 -10 -10 -10 -------- Run | Yrd Mat Min Sub Hostile Shots Fired 142 | . 33 1 108 Missed 43 | . 9 . 34 Hits 99 | . 24 1 74 Projectile 99 | . 24 1 74 Critical Strikes 1 | . . . 1 Actively Blocked 1 | . . . 1 Damage Taken 2023 | . 333 6 1684 Core 263 | . 78 . 185 Absorbed by Shields . | . . . . Redirected to Shielding 26 | . . . 26 Core Remaining (%) 100 | 100 . . . Volleys Fired 140 | 11 37 5 87 Largest 2 | 2 2 2 2 Hottest 110 | 90 110 70 105 Shots Fired 264 | 22 69 10 163 Gun 207 | 22 44 10 131 Cannon 57 | . 25 . 32 Launcher . | . . . . Special . | . . . . Kinetic 110 | . . 5 105 Thermal 119 | 11 58 5 45 Explosive . | . . . . Electromagnetic 35 | 11 11 . 13 Robot Hit Streak 18 | 9 7 7 18 Robot Miss Streak 4 | 2 2 4 2 Penetration Max . | . . . . Secondary Targets . | . . . . Shots Hit Robots 171 | 14 45 5 107 Core Hits 60 | 7 17 . 36 Critical Kills . | . . . . Critical Parts Destroyed . | . . . . Critical Strikes 4 | 1 2 . 1 Burn 4 | 1 2 . 1 Melee Attacks 1 | . . . 1 Impact 1 | . . . 1 Slashing . | . . . . Piercing . | . . . . Sneak Attacks . | . . . . Combat Hostiles . | . . . . Follow-up Attacks . | . . . . Damage Inflicted 2364 | 179 734 64 1387 Guns 1740 | 179 377 64 1120 Cannons 566 | . 299 . 267 Explosions 58 | . 58 . . Melee . | . . . . Ramming . | . . . . Kinetic 814 | . . 26 788 Thermal 1204 | 87 621 38 458 Explosive . | . . . . Electromagnetic 346 | 92 113 . 141 Impact . | . . . . Slashing . | . . . . Piercing . | . . . . Highest Corruption . | . . . . Average Corruption . | . . . . Corruption Purged . | . . . . Corruption Blocked . | . . . . Overload Shots . | . . . . Overflow Damage 7 | . 7 . . Projectiles 7 | . 7 . . Explosions . | . . . . Melee . | . . . . Knockbacks 4 | . . . 4 Impact . | . . . . Kinetic 4 | . . . 4 Secondary . | . . . . Self-Inflicted Damage . | . . . . Shots . | . . . . Rammed . | . . . . Targets Rammed . | . . . . Kicked . | . . . . Crushed . | . . . . Highest Temperature 369 | 180 369 24 20 Average Temperature 94 | 64 118 14 10 Received Heat Transfer 588 | . 186 . 402 Effects 2 | . 2 . . Energy Bleed 1 | . 1 . . Interference 1 | . 1 . . Siege Activations . | . . . . Martial Activations . | . . . . Shielding Activations . | . . . . Robots Disrupted . | . . . . Combat Hostiles . | . . . . Robots Corrupted . | . . . . Combat Hostiles . | . . . . Parts Fried . | . . . . Impact Corruptions . | . . . . Robots Melted 1 | . 1 . . Combat Hostiles 1 | . 1 . . Parts Melted 3 | . . . 3 Heat Transferred 3209 | 333 1654 111 1111 Parts Sabotaged . | . . . . Parts Stolen . | . . . . Parts Stripped . | . . . . Power Chain Reactions 1 | . 1 . . Alert | -11 -10 -10 -10 ------- Run | Yrd Mat Min Sub Maximum Alert Level . | . . . . Low Security (%) 100 | 100 100 100 . Level 1 . | . . . . Level 2 . | . . . . Level 3 . | . . . . Level 4 . | . . . . Level 5 . | . . . . High Security . | . . . . Max Security . | . . . . Peak Influence 66 | 10 66 56 . Initial . | . . . . Average 9 | 2 14 3 . Influence Increases 528 | 30 284 79 135 Destroy 0b10 Robot/C 260 | . 100 60 100 Destroy 0b10 Robot/NC 70 | 30 40 . . Destroy Leader 62 | . 32 10 20 Allied During Kill 9 | . . 9 . Successful Hack 17 | . 17 . . Disable Machine 15 | . 15 . . Destroy Structure 5 | . 5 . . Lose Combat Pursuer 90 | . 75 . 15 Influence Decreases 528 | 30 284 79 135 Time Decay 468 | 30 274 59 105 Lost Part 40 | . 10 . 30 Lost Ally 20 | . . 20 . Squads Dispatched 3 | . 3 . . Investigation . | . . . . Extermination . | . . . . Reinforcement 3 | . 3 . . Assault . | . . . . Garrison . | . . . . Intercept . | . . . . Searches Triggered . | . . . . Construction Impeded . | . . . . Haulers Reinforced . | . . . . Active Scanning Responses . | . . . . Cargo Convoy Interrupts . | . . . . Stealth | -11 -10 -10 -10 --------- Run | Yrd Mat Min Sub Distress Signals 2 | . 2 . . Communications Jammed . | . . . . Distress Signals . | . . . . Times Spotted 41 | . 16 3 22 Peak Tracking Total 5 | . 5 3 3 Tactical Retreats 4 | . 3 . 1 Traps | -11 -10 -10 -10 ------- Run | Yrd Mat Min Sub Traps Triggered 1 | . . . 1 Indirectly . | . . . . Trap Hack Attempts . | . . . . Triggered . | . . . . Disarmed . | . . . . Reprogrammed 6 | . 6 . . Reused 2 | . 1 . 1 Traps Extracted . | . . . . Installed 1 | . . . 1 Triggered . | . . . . Machines | -11 -10 -10 -10 ---------- Run | Yrd Mat Min Sub Machines Disabled 3 | . 1 . 2 Max in Single Turn 1 | . 1 . 1 Machines Repaired . | . . . . Machines Dismantled . | . . . . Machines Sabotaged . | . . . . Overloaded Fab Kills . | . . . . Hacking | -11 -10 -10 -10 --------- Run | Yrd Mat Min Sub Machines Accessed 11 | . 8 1 2 Terminals 7 | . 7 . . Fabricators . | . . . . Repair Stations . | . . . . Recycling Units 1 | . 1 . . Scanalyzers . | . . . . Garrison Access . | . . . . Total Hacks 29 | . 23 1 5 Successful 16 | . 10 1 5 Failed 13 | . 13 . . Catastrophic 2 | . 2 . . Database Lockouts . | . . . . Manual 4 | . 4 . . Terminals 22 | . 22 . . Fabricators . | . . . . Repair Stations . | . . . . Recycling Units 1 | . 1 . . Scanalyzers . | . . . . Garrison Access . | . . . . Terminal Hacks 15 | . 9 1 5 Record 4 | . . . 4 Prototype ID Bank 2 | . 2 . . Open Door 1 | . . 1 . Emergency Access Points 1 | . 1 . . Terminal Index 1 | . 1 . . Locate Traps 1 | . 1 . . Reprogram Traps 2 | . 2 . . Registered Components 1 | . 1 . . Zone Layout 1 | . 1 . . Proto ID Catalog 1 | . . . 1 Fabricator Hacks . | . . . . Repair Station Hacks . | . . . . Recycling Unit Hacks 1 | . 1 . . Report Inventory 1 | . 1 . . Scanalyzer . | . . . . Garrison Access Hacks . | . . . . Unauthorized Hacks . | . . . . Terminals . | . . . . Fabricators . | . . . . Repair Stations . | . . . . Recycling Units . | . . . . Scanalyzers . | . . . . Garrison Access . | . . . . Data Cores Recovered . | . . . . Used . | . . . . Hacking Detections 7 | . 7 . . Full Trace Events . | . . . . Feedback Events . | . . . . Feedback Blocked . | . . . . Robot Schematics Acquired . | . . . . Robots Built . | . . . . Authchips . | . . . . Time . | . . . . Total Robot Build Rating . | . . . . Part Schematics Acquired . | . . . . Parts Built . | . . . . Authchips . | . . . . Time . | . . . . Total Part Build Rating . | . . . . Parts Repaired . | . . . . Time . | . . . . Parts Recycled . | . . . . Recycled Matter . | . . . . Retrieved Matter . | . . . . Retrieved Components . | . . . . Parts Scanalyzed . | . . . . Part Schematics Acquired . | . . . . Parts Damaged . | . . . . Bothacking | -11 -10 -10 -10 ------------ Run | Yrd Mat Min Sub Used RIF Installer . | . . . . Robots Hacked . | . . . . Non-combat . | . . . . Combat . | . . . . Robot Hacks Applied . | . . . . Relay Couplers Released . | . . . . Fabnet Peak Effective % . | . . . . Robots Rewired . | . . . . Allies Hacked . | . . . . Hacks Repelled . | . . . . Allies | -11 -10 -10 -10 -------- Run | Yrd Mat Min Sub Total Allies 3 | . . 3 . Largest Group 3 | . . 3 2 Highest-Rated Group 40 | . . 40 32 Highest-Rated Ally 16 | . . 16 16 Total Orders 1 | . . 1 . RETURN 1 | . . 1 . Ally Attacks 43 | . . 19 24 Total Damage 313 | . . 146 167 Kills 4 | . . 3 1 Allies Corrupted . | . . . . Allies Melted . | . . . . Intel | -11 -10 -10 -10 ------- Run | Yrd Mat Min Sub Active Infowar (turns) 368 | 50 260 . 58 Terrain 58 | . . . 58 Seismic 310 | 50 260 . . Robot Analysis Total . | . . . . Derelict Logs Recovered 3 | . . 1 2 Drone Launches 3 | . . 3 . Drone Recoveries 3 | . . 3 . Exploration | -11 -10 -10 -10 ------------- Run | Yrd Mat Min Sub Turns Passed 3833 | 122 1186 923 1602 Spaces Moved 2370 | 58 648 695 969 Core 6 | 6 . . . Treads 5 | . 4 . 1 Legs . | . . . . Wheels 2359 | 52 644 695 968 Hover . | . . . . Flight . | . . . . Fastest Speed 50 | 50 80 125 95 Average Speed 111 | 86 100 125 111 Slowest Speed 240 | 95 160 125 240 Overloaded Moves . | . . . . Propulsion Burnouts . | . . . . Robots Hopped . | . . . . Potential Cave-ins . | . . . . Cave-ins Triggered . | . . . . Exploration Rate (%) 65 | 3 91 99 68 Regions Visited 3 Branch Regions 2 Pre-discovered Areas 1 | . . . 1 Known Exits Taken . | . . . . Unknown Exits Taken 3 | 1 1 1 . Scrap Searched 4 | . . 1 3 Spaces Dug . | . . . . Terrain Destroyed 3 | . 3 . . Melee . | . . . . Projectile . | . . . . AOE 3 | . 3 . . Terrain Rammed . | . . . . Walls Destroyed . | . . . . Machines Disabled . | . . . . Actions | -11 -10 -10 -10 --------- Run | Yrd Mat Min Sub Total 3298 | 104 1120 739 1335 Wait 644 | 22 387 35 200 Move 2367 | 57 647 694 969 Hop . | . . . . Pick Up 46 | 6 19 1 20 Fast Attach 22 | 7 5 1 9 Attach 15 | . 2 . 13 Detach 1 | . 1 . . Swap 19 | . 7 1 11 Drop 42 | 1 15 2 24 Fire 140 | 11 37 5 87 Melee 1 | . . . 1 Ram . | . . . . Kick . | . . . . Crush . | . . . . Escape Stasis . | . . . . Rewire . | . . . . Trap 1 | . . . 1 Miscellaneous . | . . . . Route ------- -11/Scrapyard -10/Materials (discovered 4 exits: [*Mat x3] / *Min) -10/Mines (discovered 3 exits: [*Mat x2] / *Sub) -10/Subcaves (discovered 2 exits: [*Mat x2]) History --------- Turn | Location | Event 5 | -11/Scrapyard | Discovered new exit (range 16) 123 | -11/Scrapyard | Entered Materials 308 | -10/Materials | Discovered new exit (range 16) 314 | -10/Materials | Build established: Mutant 488 | -10/Materials | Discovered new exit (range 11) 923 | -10/Materials | Derelicts attacked the area 1018 | -10/Materials | Discovered new exit (range 12) 1209 | -10/Materials | Discovered new exit (range 4) 1309 | -10/Materials | Entered Mines 1329 | -10/Mines | Discovered new exit (range 10) 1481 | -10/Mines | Assisted by bots powering up and referring to "LRC-V3" 1547 | -10/Mines | Discovered new exit (range 8) 1683 | -10/Mines | Found the Drone Emporium 1693 | -10/Mines | Found Prototype Device 1693 | -10/Mines | Identified Thief Drone Bay 1918 | -10/Mines | Learned Materials interactive machine intel 1951 | -10/Mines | Found a hidden stash of uninstalled traps 1978 | -10/Mines | A weapon hastily lodged in a ceiling crevice suddenly fell to the ground 2052 | -10/Mines | Discovered new exit (range 9) 2232 | -10/Mines | Entered Subcaves 2232 | -10/Subcaves | Accompanied by 2 allies 2233 | -10/Subcaves | Approached by a straggling Scientist 2234 | -10/Subcaves | Learned Materials terminal intel 2552 | -10/Subcaves | Discovered new exit (range 9) 2557 | -10/Subcaves | Visited Clippyterm 2560 | -10/Subcaves | Learned Factory emergency access door positions 2560 | -10/Subcaves | Learned Factory garrison access intel 2787 | -10/Subcaves | Core integrity fell below 50% 2833 | -10/Subcaves | Lost 5 parts (1p2n1u1w) 2860 | -10/Subcaves | A swath of the cavern ceiling suddenly collapsed 2863 | -10/Subcaves | Shifting Twisted Machinery released Mak. Axe 2870 | -10/Subcaves | Ambushed by angry Subdweller bent on revenge 2899 | -10/Subcaves | Shifting Twisted Machinery released Piercing Trap 3117 | -10/Subcaves | Discovered new exit (range 15) 3282 | -10/Subcaves | Shifting Twisted Machinery released Shrapnel Trap 3312 | -10/Subcaves | Core integrity fell below 20% 3417 | -10/Subcaves | Shifting Twisted Machinery released Sub. Power Source 3419 | -10/Subcaves | Shifting Twisted Machinery released Sub. Beam Cannon 3688 | -10/Subcaves | Visited 4L-MR0's lab 3716 | -10/Subcaves | Found Power Bank 3834 | -10/Subcaves | Destroyed by CP-VRC(R) with Subdweller Laser Last Messages --------------- somewhere as if it were useless junk..." 03731_ 4L-MR0 cries out in pain. 03731_ 4L-MR0 destroyed. 03731_ Machine disabled. 03734_ Acquired 29 matter. 03736_ Dropped Seismic Detector. 03737_ Acquired Multitool. 03740_ Dropped Lrg. Storage Unit. 03741_ Acquired Wheel. 03747_ Acquired 29 matter. 03748_ Acquired 16 matter. 03750_ Dropped Hvy. Assault Rifle. 03799_ Sub. Power Source shoots sparks and powers down. 03812_ WI-3CI(R) knocked back. 03813_ Battle Cannon destroyed. 03816_ WI-3CI(R) destroyed. 03827_ CP-VRC(R) affixes Scrap Shield Fragment to Scrap Shield. 03830_ Battle Rifle destroyed. Map ----- +----------------------------------------------------+ | ?????????????????????????????????????############# | | ?????????????????????????????????????#"*""""""#"!# | | ?????????????????????????????????????# ! "X" # | | ???????????????????????????????????##### ### | | ???????????????????????????????????#" +! ### | | ???????????????????????????????????#" ###########" | | ???????????????????????????????????# "####???####% | | ???????????????????????????????????# #####" *" | | ???????????????????????????????????#" [# "# | | ???????????????????????????????????## / ## "# | | ????????????????????????????????????## "## "#### | | ?????????????????????????????????#########" "###? | | ?????????????????????????????????# ### " ## | | ?????????????????????????????????# | | ?????????????????????????????????# | | ??????????????????????????######### ## | | ????????????????????????### #### ### | | ?????????????????????#### ### #?##### | | ??????????????????#### ##????## | | ???????????????# # #?????# | | ???????????????# #### ## #????## | | ???????????????# # ##??# ## #????? | | ??????????????# ###### #??# ## #????? | | ?????????????# ??????## #??# ## ##????? | | ????????????# ????????# ###### ## #?????? | | ??????????? ""??????????#@ #?# #### ????? | | ??????????"""???????????#R #?# #??# ???? | | ??????????? ??????????? &%! #?# ??? ##??? | | ????????????????????? [ ### ?? #???? | | ???????????????????""## ####?# ???# #???? | | ??????????????????##??## ##????### #???? ?#???? | | ???????????????????????# #????????# #??????????? | | ??????????????????????? #?????????##??????????? | | ??????????????????????? ##?????????????????????? | | ??????????????????????? #??????????????????????? | | ??????????????????????## ???????????????????????? | | ???????????????????????# ???????????????????????? | | ???????????????????????"" ???????????????????????? | | ???????????????????????"" ???????????????????????? | | ?????????????????????????"???????????????????????? | | ?????????????????????????"???????????????????????? | | ?????????????????????????????????????????????????? | | ?????????????????????????????????????????????????? | | ?????????????????????????????????????????????????? | | ?????????????????????????????????????????????????? | | ?????????????????????????????????????????????????? | | ?????????????????????????????????????????????????? | | ?????????????????????????????????????????????????? | | ?????????????????????????????????????????????????? | | ?????????????????????????????????????????????????? | +----------------------------------------------------+ Best States ------------- Heat Dissipation 25 Energy Generation 15 Energy Capacity 200 Matter Stores 300 Matter Capacity 300 Sight Range 16 Terrain Scan Range 14 Terrain Scan Density 10 Armor Coverage 150 Core Shielding 20 Evasion (%) 44 Recoil Reduction 1 Item Schematics ----------------- None Robot Schematics ------------------ None Fabricated ------------ Nothing Repaired ---------- Nothing Alien Tech Used ----------------- None Achievements -------------- None Challenges ------------ None Game ------ Seed ScrapoidChargeDoublenader Manual? 0 Play Time 00:28:03 Cumulative 170.9 hours Start 2025.05.17 @ 09:24:53 End 2025.05.17 @ 09:52:49 Sessions 1 Manual Loads 0 Difficulty Rogue Special Mode None Game No. 194 Rogue 194 Adventurer 0 Explorer 0 Win Type - Total 1 Types 1/0/0/0/0/0/0/0/0/0 Lore% 69 Gallery% 68 Achievement% 61 Wizard Run 0 Options --------- Layout 1 ASCII 0 Keyboard 0 Movement Numpad Keybinds 0 Fullscreen 1 Font 24/Smallcaps Map View 50x35 Zoom Use 0% Tactical HUD 1 Map Filters NONE Filters NONE Steam 1 RUN: 2a6d3456-ebb3-4a53-9b1a-df4d6912a8f2